 Dungeon Crawl Stone Soup version 0.21-a0-538-gd16b88a (webtiles) character file.

323 mortelune the Conjurer (level 6, 0/48 HPs)
             Began as a Draconian Fire Elementalist on Dec 16, 2017.
             Slain by a slave (3 damage)
             ... led by Pikel
             ... on level 3 of the Dungeon.
             The game lasted 00:16:28 (5235 turns).

mortelune the Conjurer (DrFE)                       Turns: 5235, Time: 00:16:28

Health: 0/48       AC:  8    Str: 10    XL:     6   Next: 23%
Magic:  1/10       EV: 12    Int: 18    God:
Gold:   139        SH:  0    Dex: 11    Spells: 5/11 levels left

rFire    . . .     SeeInvis .   c - -1 short sword (curse)
rCold    . . .     Gourm    +   (no shield)
rNeg     . . .     Faith    .   (armour unavailable)
rPois    .         Spirit   .   y - +1 hat
rElec    .         Reflect  .   (no cloak)
rCorr    .         Harm     .   p - +0 pair of gloves
MR       .....                  (no boots)
Stlth    ++........             j - amulet of the gourmand
HPRegen  0.16/turn              (no ring)
MPRegen  0.12/turn              (no ring)

@: no status effects
A: unfitting armour, cold-blooded, AC +6
a: no special abilities


You were on level 3 of the Dungeon.
You were very full.

You visited 1 branch of the dungeon, and saw 4 of its levels.

You collected 139 gold pieces.

Inventory:

Hand Weapons
 c - a cursed -1 short sword (weapon)
 d - a +2 short sword of protection
 f - the +10 dagger "Uhicyl" {freeze, *Slow Int+9, unknown}
   (You found it on level 4 of the Dungeon)

   It has been specially enchanted to freeze those struck by it, causing extra
   injury to most foes and up to half again as much damage against particularly
   susceptible opponents.
   It can also slow down cold-blooded creatures.
   It affects your intelligence (+9).
   It may slow you when you take damage.
 k - a +2 war axe of chopping
 r - a +0 spear
 t - a +0 blowgun
 u - a cursed -2 dagger
Missiles
 s - a throwing net (quivered)
 v - 7 curare-tipped needles
Armour
 e - a +0 pair of gloves
 p - a +0 pair of gloves (worn)
 x - a +1 hat
 y - a +1 hat (worn)
Jewellery
 j - an amulet of the gourmand (around neck)
Scrolls
 m - a scroll of immolation
 q - 2 scrolls of magic mapping
 A - 2 scrolls of identify
Potions
 h - 5 potions of lignification
 i - 2 potions of flight
 l - a potion of magic
 n - a potion of haste
 o - a potion of cancellation
Books
 a - a book of Flames

   Spells                             Type                      Level
   a - Flame Tongue                   Conjuration/Fire             1
   b - Throw Flame                    Conjuration/Fire             2
   c - Conjure Flame                  Conjuration/Fire             3
   d - Inner Flame                    Hexes/Fire                   3
   e - Sticky Flame                   Conjuration/Fire             4
   f - Fireball                       Conjuration/Fire             5
Comestibles
 b - 2 bread rations
 g - 2 royal jellies
 z - a meat ration


   Skills:
 + Level 1.8 Fighting
 - Level 1.7 Dodging
 - Level 1.7 Stealth
 + Level 3.3 Spellcasting
 * Level 4.3 Conjurations
 + Level 4.2 Fire Magic


You had 5 spell levels left.
You knew the following spells:

 Your Spells              Type           Power        Failure   Level  Hunger
a - Flame Tongue          Conj/Fire      ###..        2%          1    None
b - Throw Flame           Conj/Fire      ###...       4%          2    ##.....
c - Conjure Flame         Conj/Fire      ###.....     9%          3    ###....


Dungeon Overview and Level Annotations

Branches:
Dungeon (4/15)
 Temple: D:4-7

Altars:
Xom

Annotations:
D:3 2 transporters, Pikel


Innate Abilities, Weirdness & Mutations

Your plain brown scales are hard. (AC +6)
You cannot fit into any form of body armour.
You are cold-blooded and may be slowed by cold attacks.


Message History

Pikel is severely wounded.
Pikel hits you with a whip of flaming! Pikel burns you.
The slave closely misses you. The slave hits you but does no damage.
The hippogriff screeches!
You hit Pikel but do no damage.
Pikel is severely wounded.
Pikel hits you with a whip of flaming. Pikel burns you. The slave hits you.
* * * LOW HITPOINT WARNING * * *
The slave hits you.
* * * LOW HITPOINT WARNING * * *
You closely miss Pikel.
Pikel is severely wounded.
Pikel hits you with a whip of flaming.
* * * LOW HITPOINT WARNING * * *
Pikel burns you.
* * * LOW HITPOINT WARNING * * *
The slave hits you.
* * * LOW HITPOINT WARNING * * *
The slave hits you.
You die...

#...©#_?....©..#©..##.......# #
#.#..#.$.......#..####.########
###..#.#$).#.#..a#.## #.........
.......#8.#H..#l8#.# ###########
####.#.##...©sSS##.# #..........
#.#..#########..# ##.#########
##.##........[..####.......####
###.#.###.........###...♣♣♣..#...
...###....#.#..p@......♣# #♣.#.##
###.#.###.##...#pK(....♣ ♣.#.##
##.## #.###.#######..♣# #♣.#...
#.# #.##............♣♣♣..#.##
####.# #.##..#######........#.##
.....# #.##..# #............
.##### #.##..# #..........#. .#
#.##..#######.########.#. .#
#.............# #.#.


You could see a hippogriff, Pikel, 2 slaves, an iguana, a worker ant, 2 adders
and a giant cockroach.

Vanquished Creatures
  A howler monkey (D:4)
  An orc priest (D:3)
  Terence (D:2)
  4 worker ants (D:4)
  A howler monkey skeleton (D:4)
  3 adders
  2 oozes
  2 worms
  2 dart slugs
  3 leopard geckos
  9 orcs
  3 giant cockroaches
  9 goblins
  4 hobgoblins
  4 jackals (D:4)
  9 kobolds
  A quokka (D:2)
  4 bats (D:3)
  4 frilled lizards
  13 rats
80 creatures vanquished.

Notes
Turn   | Place    | Note
-------+----------+-------------------------------------------
     0 | D:1      | mortelune the Draconian Fire Elementalist began the quest for the Orb.
     0 | D:1      | Reached XP level 1. HP: 14/14 MP: 3/3
    48 | D:1      | Reached XP level 2. HP: 20/20 MP: 0/5
   396 | D:1      | Learned a level 2 spell: Throw Flame
  1288 | D:2      | Reached XP level 3. HP: 26/26 MP: 4/6
  1382 | D:2      | Learned a level 3 spell: Conjure Flame
  2367 | D:2      | Noticed Terence
  2380 | D:2      | Killed Terence
  2380 | D:2      | Reached XP level 4. HP: 24/33 MP: 1/8
  3182 | D:3      | Reached XP level 5. HP: 37/39 MP: 0/9
  3295 | D:3      | Found a transporter.
  3299 | D:3      | Found a shimmering altar of Xom.
  3300 | D:3      | Noticed a hippogriff
  3302 | D:3      | Found a transporter.
  4010 | D:4      | Got a crude dagger
  4026 | D:4      | Reached skill level 1 in Fighting
  4394 | D:4      | Noticed Pikel
  4394 | D:4      | Noticed a slave
  4394 | D:4      | Noticed a slave
  4825 | D:4      | Reached XP level 6. HP: 43/47 MP: 1/10
  5216 | D:4      | Noticed a slave
  5220 | D:4      | Noticed a slave
  5235 | D:3      | Slain by a slave

Vault maps used:
D:1:      dpeg_arrival_rooms_with_view, serial_bayou_pond_d, serial_park_tiny_2
D:2:      uniq_terence
D:3:      gammafunk_temple_overflow_arena, minmay_stone_trees_small
D:4:      grunt_tough_drop, uniq_pikel

Skill      XL: |  1  2  3  4  5 |
---------------+----------------+-----
Conjurations   | 2 3 4 |  4.3
Spellcasting   | 3 |  3.3
Fighting       | 1 |  1.8
Fire Magic     | 4 |  4.2
Dodging        | |  1.7
Stealth        | |  1.7

Action                   |  1- 3 |  4- 6 || total
-------------------------+-------+-------++-------
Melee: Unarmed           |     9 |       ||     9
       Tailslap          |     6 |    10 ||    16
       Short sword       |    29 |    93 ||   122
 Cast: Flame Tongue      |    32 |    82 ||   114
       Throw Flame       |    28 |    17 ||    45
       Conjure Flame     |       |     2 ||     2
  Use: Scroll            |     4 |     5 ||     9
       Potion            |     1 |     4 ||     5
 Stab: Sleeping          |     1 |       ||     1
  Eat: Chunk             |     7 |    16 ||    23
Armor: Skin              |    10 |    75 ||    85
Dodge: Dodged            |    36 |   109 ||   145

Table legend:
 A = Spawn XP
 B = Non-spawn XP
 C = Spawn XP percentage of total XP
 D = Spawn monster count
 E = Non-spawn monster count
 F = Spawn count percentage of total count
 G = Total turns spent on level
                    A         B        C        D         E        F      G
               +---------+---------+-------+---------+---------+-------+---------
         Total |       0 |     462 |   0.0 |       0 |      80 |   0.0 |  5235
               +---------+---------+-------+---------+---------+-------+---------
           D:1 |       0 |      40 |   0.0 |       0 |      23 |   0.0 |  1280
           D:2 |       0 |      85 |   0.0 |       0 |      19 |   0.0 |  1366
           D:3 |       0 |      99 |   0.0 |       0 |      22 |   0.0 |  1554
           D:4 |       0 |     238 |   0.0 |       0 |      16 |   0.0 |  1035
               +---------+---------+-------+---------+---------+-------+---------
